 Dungeon Crawl Stone Soup version 0.29.1-15-g9cfb28693d (webtiles) character file.

Game seed: 11841007038647701711

415 Calibrex the Grave Robber (level 6, 0/44 HPs)
             Began as a Demonspawn Necromancer on Mar 25, 2023.
             Slain by a gnoll bouda
             ... wielding a +0 whip
              (6 damage)
             ... on level 4 of the Dungeon.
             The game lasted 00:14:42 (4245 turns).

Calibrex the Grave Robber (Demonspawn Necromancer)  Turns: 4245, Time: 00:14:43

Health: 0/44       AC:  8    Str:  8    XL:     6   Next: 60%
Magic:  11/11      EV: 11    Int: 18    God:
Gold:   164        SH:  8    Dex: 14    Spells: 11/12 levels left

rFire   . . .      SeeInvis .     - Unarmed
rCold   . . .      Faith    .   h - +0 buckler
rNeg    . . .      Spirit   .   a - +0 robe
rPois   .          Reflect  .   (no helmet)
rElec   .          Harm     .   (no cloak)
rCorr   .          Rampage  .   (no gloves)
Will    .....                   (no boots)
Stlth   ++........              e - amulet of magic regeneration
HPRegen 0.14/turn               k - ring of wizardry
MPRegen 0.52/turn               (no ring)

@: sanguine armoured
A: claws 2, sanguine armour 1, condensation shield
a: no special abilities


You were on level 4 of the Dungeon.
You visited 1 branch of the dungeon, and saw 6 of its levels.

You collected 164 gold pieces.

Inventory:

Missiles
 c - 16 poisoned darts
 v - 4 atropa-tipped darts
Armour
 a - a +0 robe (worn)
 h - a +0 buckler (worn)
Jewellery
 e - an amulet of magic regeneration (around neck)
 k - a ring of wizardry (left claw)
 l - a ring of poison resistance
Wands
 t - a wand of roots (9)
Scrolls
 m - a scroll of silence {unknown}
 n - a scroll of fear {unknown}
 o - a scroll of enchant armour {unknown}
 q - a scroll of acquirement {unknown}
 r - 2 scrolls of identify
 s - a scroll of amnesia {unknown}
Potions
 b - 2 potions of magic
 d - a potion of haste
 f - a potion of brilliance
 g - a potion of invisibility {unknown}
 i - a potion of heal wounds {unknown}
 j - a potion of cancellation {unknown}
 p - a potion of attraction {unknown}
 u - a potion of flight {unknown}
 w - a potion of berserk rage {unknown}
 x - a potion of degeneration {unknown}


   Skills:
 + Level 2.3 Fighting
 - Level 1.7 Dodging
 - Level 1.7 Stealth
 + Level 1.6 Shields
 + Level 2.0 Unarmed Combat
 * Level 3.9 Spellcasting
 * Level 6.0 Necromancy


You had 11 spell levels left.
You knew the following spells:

 Your Spells              Type           Power      Damage    Failure   Level
a - Necrotise             Necr           100%       1d9       1%          1

Your spell library contained the following spells:

 Spells                   Type           Power      Damage    Failure   Level
 Sublimation of Blood     Necr           25%        N/A       1%          2
 Vampiric Draining        Necr           25%        2d7       1%          3
 Animate Dead             Necr           25%        N/A       6%          4
 Wereblood                Tmut           3%         N/A       12%         2
 Agony                    Necr           25%        N/A       17%         5
 Tukima's Dance           Hex            3%         N/A       24%         3
 Passage of Golubria      Tloc           3%         N/A       58%         4
 Yara's Violent Unravell  Hex/Tmut       1%         3d3       89%         5
 Summon Hydra             Summ           1%         N/A       100%        7


Dungeon Overview and Level Annotations

Branches:
Dungeon (6/15)
 Temple: D:4-7

Altars:

Shops:
D:5 (


Innate Abilities, Weirdness & Mutations

You have very sharp fingernails.
When seriously injured, your blood forms armour. (AC +6)
A meltable shield of frost defends you. (SH +4)


Message History

Your hobgoblin skeleton is destroyed!
You block the gnoll bouda's attack.
You scratch the gnoll bouda.
The gnoll bouda is severely wounded.
The ufetubus closely misses you. You block the ufetubus's attack.
The gnoll bouda hits you with a +0 whip.
The ufetubus barely misses you. The ufetubus closely misses you.
You scratch the gnoll bouda but do no damage.
The gnoll bouda is severely wounded.
You block the ufetubus's attack. x2
The gnoll bouda hits you with a +0 whip.
Your blood congeals into armour.
You scratch the gnoll bouda.
The gnoll bouda is almost dead.
The ufetubus hits you but does no damage. x2
The gnoll bouda hits you with a +0 whip.
The ufetubus closely misses you. You block the ufetubus's attack.
You scratch the gnoll bouda.
The gnoll bouda is almost dead.
The ufetubus barely misses you. The ufetubus hits you.
The gnoll bouda hits you with a +0 whip.
You closely miss the gnoll bouda.
The gnoll bouda is almost dead.
The ufetubus hits you but does no damage.
The ufetubus hits you.
The gnoll bouda mumbles some strange prayers to its god.
The gnoll bouda is healed somewhat.
You block the ufetubus's attack. The ufetubus barely misses you.
You closely miss the gnoll bouda.
The gnoll bouda is severely wounded.
The ufetubus hits you.
* * * LOW HITPOINT WARNING * * *
The ufetubus hits you but does no damage.
The gnoll bouda hits you with a +0 whip.
* * * LOW HITPOINT WARNING * * *
You closely miss the gnoll bouda.
The gnoll bouda is severely wounded.
You block the ufetubus's attack. x2
The gnoll bouda hits you with a +0 whip.
You die...

#...#........#
#.#..........#
#............#
#.........?...
...#.........
#.......... #. ## #.)K#
#..###..#..###.g5#
..#...#...#...#)@#####.
#...#...#...#...........
##.)......# #....######.
#.........###.##..###
..........#..........
##..........#..##...##
##.......)....## .....
........†..#### ......
.......)......[. ......


You could see a gnoll bouda, an ufetubus and a kobold.

Vanquished Creatures
  A black bear (D:5)
  A necrophage (D:5)
  2 scorpions
  A gnoll (D:1)
  4 adders
  A shadow imp (D:5)
  3 worms
  5 dart slugs
  3 orcs
  5 endoplasms
  2 giant cockroaches (D:3)
  2 goblins (D:3)
  5 hobgoblins
  3 jackals (D:1)
  2 quokkas
  4 ball pythons (D:1)
  4 bats
  2 frilled lizards (D:1)
  11 kobolds
  4 rats
65 creatures vanquished.

Vanquished Creatures (collateral kills)
  A rat (D:2)
1 creature vanquished.

Grand Total: 66 creatures vanquished

Notes
Turn   | Place    | Note
-------+----------+-------------------------------------------
     0 | D:1      | Calibrex the Demonspawn Necromancer began the quest for the
                  | Orb.
     0 | D:1      | Reached XP level 1. HP: 13/13 MP: 3/3
   402 | D:1      | Gained mutation: You have sharp fingernails. [demonic
                  | ancestry]
   402 | D:1      | Reached XP level 2. HP: 20/20 MP: 0/5
   995 | D:1      | Gained mutation: You have very sharp fingernails. [demonic
                  | ancestry]
   995 | D:1      | Reached XP level 3. HP: 9/25 MP: 3/6
  1530 | D:2      | Reached skill level 1 in Fighting
  1644 | D:2      | Reached skill level 5 in Necromancy
  1925 | D:2      | Gained mutation: When seriously injured, your blood forms
                  | armour. (AC +6) [demonic ancestry]
  1925 | D:2      | Reached XP level 4. HP: 29/32 MP: 6/8
  2311 | D:3      | Reached skill level 1 in Unarmed Combat
  2620 | D:3      | You fall into a shaft and drop 2 floors!
  2620 | D:5      | Entered Level 5 of the Dungeon
  2675 | D:5      | Found Eseawuq's Weapon Boutique.
  2986 | D:5      | Noticed a scorpion
  2998 | D:5      | Killed a scorpion
  2999 | D:5      | Reached skill level 1 in Shields
  2999 | D:5      | Reached XP level 5. HP: 20/37 MP: 3/9
  3607 | D:5      | Noticed a black bear
  3629 | D:5      | Killed a black bear
  3630 | D:5      | Gained mutation: A meltable shield of frost defends you.
                  | (SH +4) [demonic ancestry]
  3630 | D:5      | Reached XP level 6. HP: 5/44 MP: 6/11
  4081 | D:4      | Reached skill level 6 in Necromancy
  4245 | D:4      | Slain by a gnoll bouda

Illustrated notes

Levels and vault maps discovered:
D:1:      nagdon_arrival_double_spiral, layout_loops_ring,
          minmay_stone_trees_small
D:2:      minmay_kobold_bridge, layout_basic
D:3:      layout_rooms, uniq_crazy_yiuf_cottage
D:4:      layout_rooms, minmay_fractal_squares_diagonal_5
D:5:      layout_gridville, serial_shops, nicolae_stop_n_shop_1
D:6:      cheibrodos_quashed, layout_cave_pools, amcnicky_altar_gilded,
          uniq_duvessa, uniq_sigmund

Skill      XL: |  1  2  3  4  5  6 |
---------------+-------------------+-----
Fighting       | 1 2 |  2.3
Necromancy     | 5 6 |  6.0
Unarmed Combat | 1 2 |  2.0
Spellcasting   | 3 |  3.9
Shields        | 1 |  1.6
Dodging        | |  1.7
Stealth        | |  1.7

Action                   |  1- 3 |  4- 6 || total
-------------------------+-------+-------++-------
Melee: Unarmed           |    31 |    42 ||    73
       Punch             |     3 |       ||     3
 Cast: Necrotise         |    57 |    93 ||   150
  Use: Scroll            |     1 |     2 ||     3
 Stab: Sleeping          |     1 |       ||     1
Armor: Robe              |    12 |    15 ||    27
Dodge: Dodged            |    35 |    43 ||    78
Block: Buckler           |       |    24 ||    24
